TOP OF THE 1ST |
Houston Hammertime batting - Pitching for Albuquerque Isotopes : RHP Jesús Silva
|
Pitching: RHP Jesús Silva
|
|
Batting: SHB Carlos Córdova
|
0-0: Ball 1-0: Ball 2-0: Ball 3-0: Base on Balls
|
Batting: RHB Alonso Holguín
|
0-0: Ball 1-0: Called Strike 1-1: Grounds into double play, 5-4-3 (Groundball, 56)
|
Batting: LHB Tom Baker
|
0-0: Called Strike 0-1: Ball 1-1: Ball 2-1: Ball 3-1: Swinging Strike 3-2: Base on Balls
|
Batting: LHB Leonardo Medina
|
0-0: Called Strike 0-1: Ball 1-1: Foul Ball, location: 2F 1-2: Ball 2-2: Foul Ball, location: 2F Pickoff Throw to First - Out!
|
Top of the 1st over - 0 run(s), 0 hit(s), 0 error(s), 0 left on base; Houston 0 - Albuquerque 0 |
BOTTOM OF THE 1ST |
Albuquerque Isotopes batting - Pitching for Houston Hammertime : LHP Martín Reyes
|
Pitching: LHP Martín Reyes
|
|
Batting: RHB Juan Alberto
|
0-0: Ground out 6-3 (Groundball, 56)
|
Batting: RHB Dave Mullen
|
0-0: SINGLE (Groundball, 56S) (infield hit)
|
Batting: RHB Arturo García
|
0-0: Called Strike 0-1: Fly out, F8 (Flyball, 8RS)
|
Batting: LHB Bernardo Montés
|
0-0: Ball 1-0: Called Strike 1-1: Foul Ball, location: 2F 1-2: Ball Dave Mullen steals 2nd base 2-2: Fly out, F8 (Flyball, 78D)
|
Bottom of the 1st over - 0 run(s), 1 hit(s), 0 error(s), 1 left on base; Houston 0 - Albuquerque 0 |
TOP OF THE 2ND |
Houston Hammertime batting - Pitching for Albuquerque Isotopes : RHP Jesús Silva
|
Batting: LHB Leonardo Medina
|
0-0: Ball 1-0: Foul Ball, location: 2F 1-1: Ball 2-1: Swinging Strike 2-2: Ball 3-2: Base on Balls
|
Batting: RHB Dan Mason
|
0-0: Swinging Strike 0-1: Ball 1-1: Ball 2-1: Called Strike 2-2: Strikes out swinging
|
Batting: RHB David Hernández
|
0-0: Ball 1-0: Ground out 5-3 (Groundball, 56S) Leonardo Medina to second
|
Batting: RHB Santo Cruz
|
0-0: Ball 1-0: Ball 2-0: Ball 3-0: Base on Balls
|
Batting: RHB Ánibal Pérez
|
0-0: Hit by Pitch Leonardo Medina to third Santo Cruz to second
|
Batting: LHB Fernando Camacho
|
0-0: Ground out 4-3 (Groundball, 34D)
|
Top of the 2nd over - 0 run(s), 0 hit(s), 0 error(s), 3 left on base; Houston 0 - Albuquerque 0 |
BOTTOM OF THE 2ND |
Albuquerque Isotopes batting - Pitching for Houston Hammertime : LHP Martín Reyes
|
Batting: RHB Alfonso Huertas
|
0-0: Foul Ball, location: 2F 0-1: Ground out 4-3 (Groundball, 4M)
|
Batting: LHB A.J. Major
|
0-0: Called Strike 0-1: Foul Ball, location: 2F 0-2: Strikes out swinging
|
Batting: LHB Héctor Cruz
|
0-0: Ball 1-0: Ball 2-0: Foul Ball, location: 2F 2-1: Ground out U3 (Groundball, 3S)
|
Bottom of the 2nd over - 0 run(s), 0 hit(s), 0 error(s), 0 left on base; Houston 0 - Albuquerque 0 |
TOP OF THE 3RD |
Houston Hammertime batting - Pitching for Albuquerque Isotopes : RHP Jesús Silva
|
Batting: SHB Carlos Córdova
|
0-0: Called Strike 0-1: Ball 1-1: Ball 2-1: Ball 3-1: Swinging Strike 3-2: Foul Ball, location: 2F 3-2: Foul Ball, location: 2F 3-2: Strikes out swinging
|
Batting: RHB Alonso Holguín
|
0-0: Ball 1-0: Ball 2-0: Ball 3-0: Base on Balls
|
Batting: LHB Tom Baker
|
0-0: Ball 1-0: Foul Ball, location: 2F 1-1: SINGLE (Groundball, 3) (infield hit) Alonso Holguín to second
|
Batting: LHB Leonardo Medina
|
0-0: Ball 1-0: Ball 2-0: Ball 3-0: Called Strike 3-1: Base on Balls Alonso Holguín to third Tom Baker to second
|
Batting: RHB Dan Mason
|
0-0: Ball 1-0: Ball 2-0: Called Strike 2-1: Foul Ball, location: 2F 2-2: Hit by Pitch Alonso Holguín scores Tom Baker to third Leonardo Medina to second
|
Batting: RHB David Hernández
|
0-0: Swinging Strike 0-1: Swinging Strike 0-2: Ball 1-2: Foul Ball, location: 2F 1-2: Ball 2-2: Ball 3-2: Foul Ball, location: 2F 3-2: Foul Ball, location: 2F 3-2: Strikes out looking
|
Batting: RHB Santo Cruz
|
0-0: Swinging Strike 0-1: Fly out, F7 (Line Drive, 7D)
|
Top of the 3rd over - 1 run(s), 1 hit(s), 0 error(s), 3 left on base; Houston 1 - Albuquerque 0 |
BOTTOM OF THE 3RD |
Albuquerque Isotopes batting - Pitching for Houston Hammertime : LHP Martín Reyes
|
Batting: LHB Fernando Ortíz
|
0-0: Called Strike 0-1: Ball 1-1: Ball 2-1: Fly out, F8 (Line Drive, 89D)
|
Batting: RHB Lorenzo Ayala
|
0-0: Foul Ball, location: 2F 0-1: DOUBLE (Line Drive, 7LS)
|
Batting: RHB Juan Alberto
|
0-0: Fly out, F8 (Flyball, 8RM) Runner from 2nd tags up, SAFE at 3rd with throw
|
Batting: RHB Dave Mullen
|
0-0: DOUBLE (Line Drive, 7LD) Lorenzo Ayala scores
|
Batting: RHB Arturo García
|
0-0: Ball 1-0: Ground out 1-3 (Groundball, 13S)
|
Bottom of the 3rd over - 1 run(s), 2 hit(s), 0 error(s), 1 left on base; Houston 1 - Albuquerque 1 |
TOP OF THE 4TH |
Houston Hammertime batting - Pitching for Albuquerque Isotopes : RHP Jesús Silva
|
Batting: RHB Ánibal Pérez
|
0-0: Swinging Strike 0-1: Ball 1-1: Ball 2-1: Ball 3-1: Base on Balls
|
Batting: LHB Fernando Camacho
|
0-0: SINGLE (Flyball, 89S) Ánibal Pérez to second Runner from 2nd tries for 3rd, SAFE, throw made to third
|
Batting: SHB Carlos Córdova
|
0-0: Fielders Choice at 2nd, 3-6 (Groundball, 34) Ánibal Pérez scores
|
Batting: RHB Alonso Holguín
|
0-0: Called Strike 0-1: Ball 1-1: Ball Carlos Córdova steals 2nd base 2-1: Swinging Strike 2-2: Strikes out swinging
|
Batting: LHB Tom Baker
|
0-0: Swinging Strike 0-1: Ball 1-1: Ball Wild Pitch! Carlos Córdova to third 2-1: Ball 3-1: Ground out 4-3 (Groundball, 4D)
|
Top of the 4th over - 1 run(s), 1 hit(s), 0 error(s), 1 left on base; Houston 2 - Albuquerque 1 |
BOTTOM OF THE 4TH |
Albuquerque Isotopes batting - Pitching for Houston Hammertime : LHP Martín Reyes
|
Batting: LHB Bernardo Montés
|
0-0: Ball 1-0: Ball 2-0: Foul Ball, location: 2F 2-1: Ball 3-1: Fly out, F6 (Flyball, 56D)
|
Batting: RHB Alfonso Huertas
|
0-0: Swinging Strike 0-1: Called Strike 0-2: Ball 1-2: Ball 2-2: Ground out 6-3 (Groundball, 6)
|
Batting: LHB A.J. Major
|
0-0: Called Strike 0-1: Called Strike 0-2: Strikes out swinging
|
Bottom of the 4th over - 0 run(s), 0 hit(s), 0 error(s), 0 left on base; Houston 2 - Albuquerque 1 |
TOP OF THE 5TH |
Houston Hammertime batting - Pitching for Albuquerque Isotopes : RHP Jesús Silva
|
Pitching: RHP Kenny Skinner
|
|
Batting: LHB Leonardo Medina
|
0-0: Called Strike 0-1: Ball 1-1: Foul Ball, location: 2F 1-2: Fly out, F8 (Flyball, 8RM)
|
Batting: RHB Dan Mason
|
0-0: Swinging Strike 0-1: Swinging Strike 0-2: Foul Ball, location: 2F 0-2: Ball 1-2: SINGLE (Groundball, 25) (infield hit)
|
Pitching: RHP Manny Muñóz
|
|
Batting: RHB David Hernández
|
0-0: Ball 1-0: Called Strike 1-1: Ball 2-1: Grounds into double play, 4-6-3 (Groundball, 4)
|
Top of the 5th over - 0 run(s), 1 hit(s), 0 error(s), 0 left on base; Houston 2 - Albuquerque 1 |
BOTTOM OF THE 5TH |
Albuquerque Isotopes batting - Pitching for Houston Hammertime : LHP Martín Reyes
|
Batting: LHB Héctor Cruz
|
0-0: Ball 1-0: Ball 2-0: Ground out 3-1 (Groundball, 34S)
|
Batting: LHB Fernando Ortíz
|
0-0: Ball 1-0: Ball 2-0: Called Strike 2-1: Ball 3-1: Foul Ball, location: 2F 3-2: Foul Ball, location: 2F 3-2: Strikes out swinging
|
Batting: RHB Lorenzo Ayala
|
0-0: Ball 1-0: Ball 2-0: Ball 3-0: Base on Balls
|
Batting: RHB Juan Alberto
|
Pickoff Throw to First - Out!
|
Bottom of the 5th over - 0 run(s), 0 hit(s), 0 error(s), 0 left on base; Houston 2 - Albuquerque 1 |
TOP OF THE 6TH |
Houston Hammertime batting - Pitching for Albuquerque Isotopes : RHP Manny Muñóz
|
Batting: RHB Santo Cruz
|
0-0: Ball 1-0: Swinging Strike 1-1: Ground out 5-3 (Groundball, 56S)
|
Batting: RHB Ánibal Pérez
|
0-0: Called Strike 0-1: Foul Ball, location: 2F 0-2: Ball 1-2: Ball 2-2: Strikes out swinging
|
Batting: LHB Fernando Camacho
|
0-0: SINGLE (Groundball, 34S) (infield hit)
|
Batting: SHB Carlos Córdova
|
0-0: Ball 1-0: Foul Ball, location: 2F 1-1: Swinging Strike 1-2: Ball 2-2: Ball 3-2: Foul Ball, location: 2F 3-2: SINGLE (Groundball, 25) (infield hit) Fernando Camacho to second
|
Batting: RHB Alonso Holguín
|
0-0: Foul Ball, location: 2F 0-1: Fielders Choice at 2nd, 6-4 (Groundball, 6)
|
Top of the 6th over - 0 run(s), 2 hit(s), 0 error(s), 1 left on base; Houston 2 - Albuquerque 1 |
BOTTOM OF THE 6TH |
Albuquerque Isotopes batting - Pitching for Houston Hammertime : LHP Martín Reyes
|
Batting: RHB Juan Alberto
|
0-0: Called Strike 0-1: Foul Ball, location: 2F 0-2: Ball 1-2: Fly out, F9 (Flyball, 89S)
|
Batting: RHB Dave Mullen
|
0-0: Ball 1-0: Foul Ball, location: 2F 1-1: SOLO HOME RUN (Flyball, 8LXD), Distance : 419 ft
|
Batting: RHB Arturo García
|
0-0: Ground out 6-3 (Groundball, 6)
|
Batting: LHB Bernardo Montés
|
0-0: Ball 1-0: Ball 2-0: Ball 3-0: Called Strike 3-1: Fly out, F7 (Flyball, 7D)
|
Bottom of the 6th over - 1 run(s), 1 hit(s), 0 error(s), 0 left on base; Houston 2 - Albuquerque 2 |
TOP OF THE 7TH |
Houston Hammertime batting - Pitching for Albuquerque Isotopes : RHP Manny Muñóz
|
Batting: LHB Tom Baker
|
0-0: Called Strike 0-1: Ball 1-1: Ball 2-1: Ball 3-1: Called Strike 3-2: Base on Balls
|
Batting: LHB Leonardo Medina
|
0-0: Called Strike 0-1: Foul Ball, location: 2F 0-2: Ball 1-2: Foul Ball, location: 2F 1-2: TRIPLE (Flyball, 9LD) Tom Baker scores
|
Pinch Hitting: LHB Juan Cabañas
|
0-0: Intentional Walk
|
Pinch Hitting: LHB Pat Jones
|
0-0: Ball 1-0: Ball Wild Pitch! Leonardo Medina scores Juan Cabañas to second 2-0: Intentional Walk
|
Batting: RHB Santo Cruz
|
0-0: Bunted foul 0-1: Sac Bunt - play at first, batter OUT! 1-4 Juan Cabañas to third Pat Jones to second
|
Batting: RHB Ánibal Pérez
|
0-0: Swinging Strike 0-1: Ball 1-1: Foul Ball, location: 2F 1-2: Ball 2-2: Ball 3-2: Base on Balls
|
Batting: LHB Fernando Camacho
|
0-0: Ball 1-0: Ball 2-0: Ball 3-0: Base on Balls Juan Cabañas scores Pat Jones to third Ánibal Pérez to second
|
Pinch Hitting: LHB Bartolo Villanueva
|
0-0: Ball 1-0: Ball 2-0: Foul Ball, location: 2F 2-1: SINGLE (Groundball, 4MD) Pat Jones scores Ánibal Pérez to third Fernando Camacho to second Runner from 3rd tries for Home, SAFE, throw made home Fernando Camacho to third Bartolo Villanueva to second
|
Batting: RHB Alonso Holguín
|
0-0: Ball 1-0: Ball 2-0: Ball 3-0: Base on Balls
|
Pitching: LHP Bob Smith
|
|
Batting: LHB Tom Baker
|
0-0: Ball 1-0: Foul Ball, location: 2F 1-1: Ball 2-1: SINGLE (Line Drive, 4) Fernando Camacho scores Bartolo Villanueva to third Alonso Holguín to second
|
Batting: LHB Leonardo Medina
|
0-0: Called Strike 0-1: Foul Ball, location: 2F 0-2: SINGLE (Flyball, 9S) Bartolo Villanueva scores Alonso Holguín to third Tom Baker to second
|
Batting: LHB Juan Cabañas
|
Balk! Alonso Holguín scores Tom Baker to third Leonardo Medina to second 0-0: Ball 1-0: Ball 2-0: Ball 3-0: Base on Balls
|
Batting: LHB Pat Jones
|
0-0: Ball 1-0: Foul Ball, location: 2F 1-1: Hit by Pitch Tom Baker scores Leonardo Medina to third Juan Cabañas to second
|
Batting: RHB Santo Cruz
|
0-0: Called Strike 0-1: TRIPLE (Flyball, 9) Leonardo Medina scores Juan Cabañas scores Pat Jones scores
|
Batting: RHB Ánibal Pérez
|
0-0: Ball 1-0: Called Strike 1-1: Ball 2-1: Ball 3-1: Called Strike 3-2: Ground out 6-3 (Groundball, 6S) Santo Cruz scores
|
Batting: LHB Fernando Camacho
|
0-0: Called Strike 0-1: Ball 1-1: Called Strike 1-2: Ball 2-2: Fly out, F7 (Flyball, 7LS)
|
Top of the 7th over - 13 run(s), 5 hit(s), 0 error(s), 0 left on base; Houston 15 - Albuquerque 2 |
BOTTOM OF THE 7TH |
Albuquerque Isotopes batting - Pitching for Houston Hammertime : LHP Martín Reyes
|
Now at 3B: Richard Bowman
|
|
Now at SS: Carlos Pérez
|
|
Now in RF: Bartolo Villanueva
|
|
Batting: RHB Alfonso Huertas
|
0-0: Ball 1-0: Swinging Strike 1-1: Ball 2-1: Foul Ball, location: 2F 2-2: Foul Ball, location: 2F 2-2: Foul Ball, location: 2F 2-2: Foul Ball, location: 2F 2-2: Ball 3-2: Base on Balls
|
Batting: LHB A.J. Major
|
0-0: Foul Ball, location: 2F 0-1: Ball 1-1: Ball 2-1: Swinging Strike 2-2: SINGLE (Groundball, 34D) Alfonso Huertas to second Runner from 2nd tries for 3rd, SAFE, no throw
|
Batting: LHB Héctor Cruz
|
0-0: Called Strike 0-1: Ball 1-1: Ball 2-1: Grounds into double play, 4-6-3 (Groundball, 4) Alfonso Huertas scores
|
Batting: LHB Fernando Ortíz
|
0-0: DOUBLE (Flyball, 78XD)
|
Batting: RHB Lorenzo Ayala
|
0-0: Called Strike 0-1: Fly out, F8 (Flyball, 8LM)
|
Bottom of the 7th over - 1 run(s), 2 hit(s), 0 error(s), 1 left on base; Houston 15 - Albuquerque 3 |
TOP OF THE 8TH |
Houston Hammertime batting - Pitching for Albuquerque Isotopes : LHP Bob Smith
|
Batting: LHB Bartolo Villanueva
|
0-0: Ball 1-0: Swinging Strike 1-1: Ball 2-1: Ball 3-1: Foul Ball, location: 2F 3-2: Foul Ball, location: 2F 3-2: Reached on error, E4 (Groundball, 34D)
|
Batting: RHB Alonso Holguín
|
0-0: Ball 1-0: Called Strike 1-1: Hit by Pitch
|
Pinch Hitting: LHB Enrique Valentín
|
0-0: Ball 1-0: Ball 2-0: Called Strike 2-1: Ball 3-1: Base on Balls Bartolo Villanueva to third Alonso Holguín to second
|
Batting: LHB Leonardo Medina
|
0-0: Ball 1-0: Ball 2-0: SINGLE (Line Drive, 56D) Bartolo Villanueva scores Alonso Holguín to third Enrique Valentín to second
|
Batting: SHB Richard Bowman
|
0-0: Ball 1-0: Ball 2-0: Ball 3-0: Base on Balls Alonso Holguín scores Enrique Valentín to third Leonardo Medina to second
|
Batting: RHB Carlos Pérez
|
0-0: Ball 1-0: Ball 2-0: Swinging Strike 2-1: Ball Wild Pitch! Enrique Valentín scores Leonardo Medina to third Richard Bowman to second 3-1: Foul Ball, location: 2F 3-2: Foul Ball, location: 2F 3-2: Base on Balls
|
Batting: RHB Santo Cruz
|
0-0: Called Strike Balk! Leonardo Medina scores Richard Bowman to third Carlos Pérez to second 0-1: SINGLE (Line Drive, 56D) Richard Bowman scores Carlos Pérez to third
|
Batting: RHB Ánibal Pérez
|
0-0: Ball 1-0: Foul Ball, location: 2F 1-1: Ball 2-1: Ground out U3 (Groundball, 34S) Carlos Pérez scores Santo Cruz to second
|
Pinch Hitting: RHB Pedro Meza
|
0-0: Ball 1-0: Swinging Strike 1-1: Ball 2-1: SINGLE (Line Drive, 3) Santo Cruz to third
|
Batting: LHB Bartolo Villanueva
|
0-0: Called Strike 0-1: Called Strike 0-2: Ball 1-2: Ball 2-2: Strikes out swinging
|
Batting: RHB Alonso Holguín
|
0-0: Ball 1-0: Ball 2-0: Called Strike 2-1: Ball 3-1: Base on Balls Pedro Meza to second
|
Batting: LHB Enrique Valentín
|
0-0: Ball 1-0: Ball 2-0: Called Strike 2-1: Ball 3-1: Base on Balls Santo Cruz scores Pedro Meza to third Alonso Holguín to second
|
Batting: LHB Leonardo Medina
|
0-0: Ball 1-0: Foul Ball, location: 2F 1-1: Foul Ball, location: 2F 1-2: Fly out, F2 (Popup, 15S)
|
Top of the 8th over - 7 run(s), 3 hit(s), 1 error(s), 3 left on base; Houston 22 - Albuquerque 3 |
BOTTOM OF THE 8TH |
Albuquerque Isotopes batting - Pitching for Houston Hammertime : LHP Martín Reyes
|
Now at 1B: Enrique Valentín
|
|
Now in CF: Pedro Meza
|
|
Pinch Hitting: RHB Alden Isenhood
|
0-0: Ball 1-0: Swinging Strike 1-1: Fly out, F8 (Line Drive, 89M)
|
Batting: RHB Dave Mullen
|
0-0: SINGLE (Groundball, 6D)
|
Batting: RHB Arturo García
|
0-0: Called Strike 0-1: Ball 1-1: Ball 2-1: Foul Ball, location: 2F 2-2: Ball 3-2: Base on Balls Dave Mullen to second
|
Batting: LHB Bernardo Montés
|
0-0: Swinging Strike 0-1: Foul Ball, location: 2F 0-2: Ball 1-2: Strikes out looking
|
Pitching: LHP Martin White
|
|
Batting: RHB Alfonso Huertas
|
0-0: Ball 1-0: Ball 2-0: Foul Ball, location: 2F 2-1: Called Strike 2-2: Strikes out looking
|
Bottom of the 8th over - 0 run(s), 1 hit(s), 0 error(s), 2 left on base; Houston 22 - Albuquerque 3 |
TOP OF THE 9TH |
Houston Hammertime batting - Pitching for Albuquerque Isotopes : LHP Bob Smith
|
Now at 3B: Alden Isenhood
|
|
Batting: SHB Richard Bowman
|
0-0: Ball 1-0: Ball 2-0: SINGLE (Line Drive, 8LS)
|
Pinch Hitting: RHB José García
|
0-0: Called Strike 0-1: Ball 1-1: Ball 2-1: Called Strike 2-2: Ball 3-2: Foul Ball, location: 2F 3-2: Base on Balls Richard Bowman to second
|
Batting: RHB Santo Cruz
|
0-0: Ball 1-0: SINGLE (Groundball, 56D) Richard Bowman to third José García to second
|
Batting: RHB Ánibal Pérez
|
0-0: Ball 1-0: Foul Ball, location: 2F 1-1: Foul Ball, location: 2F 1-2: Ball 2-2: Foul Ball, location: 2F 2-2: Ball 3-2: Grounds into double play, 4-6-3 (Groundball, 4D) Richard Bowman scores José García to third
|
Pitching: LHP Mark Vestal
|
|
Batting: RHB Pedro Meza
|
0-0: Ball 1-0: Ball 2-0: Called Strike 2-1: Called Strike 2-2: Foul Ball, location: 2F 2-2: Ball 3-2: DOUBLE (Line Drive, 78D) José García scores
|
Batting: LHB Bartolo Villanueva
|
0-0: Swinging Strike 0-1: Ball 1-1: Called Strike 1-2: Strikes out looking
|
Top of the 9th over - 2 run(s), 3 hit(s), 0 error(s), 1 left on base; Houston 24 - Albuquerque 3 |
BOTTOM OF THE 9TH |
Albuquerque Isotopes batting - Pitching for Houston Hammertime : LHP Martin White
|
Now at 3B: José García
|
|
Pinch Hitting: RHB Juan Vareas
|
0-0: Called Strike 0-1: Fly out, F9 (Flyball, 89M)
|
Batting: LHB Héctor Cruz
|
0-0: Ball 1-0: Swinging Strike 1-1: Ground out 4-3 (Groundball, 34)
|
Batting: LHB Fernando Ortíz
|
0-0: Called Strike 0-1: Foul Ball, location: 2F 0-2: Ball 1-2: Fly out, F8 (Flyball, 8LM)
|
Bottom of the 9th over - 0 run(s), 0 hit(s), 0 error(s), 0 left on base; Houston 24 - Albuquerque 3 |
|